Map: Dusk Towers

Players

capac

  • Race: Terran Terran
  • League: Gold

COMROKFLT - Winner!

  • Race: Protoss Protoss

VOD

Have the link to the VOD?

Description

Time

  • Played on: April 12, 2016, 2:48 p.m.
  • Length: 19:40
Show
View Real Time Build Order
Export as new Build Order

capac Terran 

Build Orders: Reaper Expand, MMM Bio 

Get SALT Encoding   

  12  0:00  SCV  
  13  0:13  SCV  
  14  0:18  Supply Depot  
  14  0:25  SCV  
  15  0:39  SCV  
  15  0:40  Barracks  
  16  0:46  Refinery  
  16  0:51  SCV  
  17  1:03  SCV  
  18  1:15  SCV  
  19  1:29  Orbital Command  
  19  1:30  Reaper  
  20  1:45  Supply Depot  
  20  1:49  Command Center  
  20  1:56  SCV  
  21  2:11  Barracks Reactor  
  21  2:14  SCV  
  21  2:15  Refinery  
  22  2:29  Factory, SCV  
  23  2:48  Marine x2  
  25  2:51  SCV  
  26  3:03  SCV, Orbital Command  
  26  3:15  Starport  
  26  3:25  Widow Mine x2  
  26  3:26  Barracks  
  30  3:27  Barracks Tech Lab, Barracks  
  30  3:36  SCV  
  30  3:39  Bunker, SCV  
  32  3:45  Engineering Bay  
  32  3:47  Marine  
  33  3:49  Stimpack  
  33  3:52  Medivac  
  27  4:12  Missile Turret  
  27  4:14  Marine  
  27  4:15  Marine x2  
  27  4:16  Widow Mine  
  32  4:27  Widow Mine  
  34  4:32  Marine  
  34  4:36  Barracks Reactor  
  32  4:40  SCV  
  32  4:41  SCV  
  30  4:53  SCV  
  31  5:03  Medivac  
  33  5:10  SCV  
  33  5:11  SCV  
  35  5:15  Refinery  
  35  5:21  Marine x3  
  35  5:26  SCV x2  
  40  5:40  SCV x2  
  42  5:55  SCV x2  
  44  5:58  Command Center  
  44  6:10  Marine x2  
  46  6:12  Barracks Reactor  
  46  6:15  Supply Depot  
  46  6:37  Starport Reactor, SCV x2  
  48  6:49  SCV x2  
  50  7:09  Marine x2, SCV x2  
  50  7:10  Marine x2  
  56  7:18  Missile Turret  
  56  7:20  Medivac x2  
  56  7:21  Siege Tank, SCV x2  
  65  7:23  Marine  
  66  7:37  Marine x2  
  66  7:38  Marine  
  69  7:49  Barracks, Orbital Command  
  69  7:50  Supply Depot  
  69  8:11  Marine  
  69  8:12  SCV x2  
  72  8:34  Marine x2  
  72  8:35  Marine x2  
  72  8:38  Supply Depot  
  68  8:47  SCV  
  68  8:48  SCV  
  70  8:51  SCV  
  70  8:53  Marine x4  
  70  8:54  Marine  
  76  8:58  Barracks Tech Lab  
  76  8:59  Barracks, SCV  
  76  9:00  Barracks, SCV  
  76  9:01  Engineering Bay  
  78  9:04  Siege Tank  
  78  9:06  Supply Depot  
  82  9:10  SCV  
  82  9:12  SCV x2  
  82  9:15  Viking x2  
  88  9:18  Combat Shields  
  88  9:21  Terran Infantry Weapons Level 1  
  88  9:22  SCV  
  89  9:26  Supply Depot  
  89  9:27  SCV x2  
  91  9:41  SCV x2  
  91  9:44  Missile Turret  
  93  9:46  Marine  
  93  9:47  Marine x5  
  93  9:49  Barracks Tech Lab  
  93  9:50  Barracks Tech Lab  
  99  9:54  Terran Infantry Armor Level 1  
  99  9:57  Armory  
  99  10:01  SCV x3  
  99  10:03  Marine  
  99  10:04  Marine  
  99  10:06  Supply Depot  
  104  10:13  SCV x3  
  107  10:15  Marauder  
  107  10:17  Supply Depot, Concussive Shells  
  109  10:21  Marine x5  
  109  10:22  Marauder x2  
  109  10:24  Marine  
  109  10:26  SCV  
  120  10:30  SCV x2  
  121  10:37  Marauder  
  121  10:39  SCV  
  121  10:43  Marauder  
  121  10:44  Marauder  
  123  10:54  Missile Turret  
  121  10:57  Missile Turret  
  121  11:03  SCV x3  
  123  11:07  Missile Turret  
  123  11:08  Liberator x2  
  120  11:20  Missile Turret  
  126  11:28  Marauder x3, Marine x4  
  126  11:29  Marine x2  
  138  11:34  SCV x3  
  138  11:37  Terran Infantry Weapons Level 2  
  141  11:40  Supply Depot  
  141  11:43  Supply Depot  
  141  11:51  Liberator  
  141  11:52  Liberator  
  141  12:01  Marauder x2, Marine x6  
  143  12:02  Marauder  
  143  12:04  Supply Depot  
  143  12:06  Supply Depot  
  153  12:11  SCV x3  
  162  12:18  Refinery  
  162  12:19  Marine x2  
  164  12:23  SCV  
  164  12:26  Marauder, SCV x2  
  169  12:35  SCV  
  170  12:38  Supply Depot x2, Marine x3, SCV x2  
  170  12:39  Marine x5  
  180  12:44  Terran Infantry Armor Level 2  
  180  12:47  SCV  
  180  12:49  Marine  
  180  12:52  Liberator  
  180  12:53  Liberator  
  180  12:56  Marine x3  
  180  12:57  Marine  
  181  12:59  Marine  
  188  13:19  SCV  
  190  13:20  SCV x2  
  190  13:21  Starport  
  190  13:23  Refinery, Starport  
  191  13:32  Refinery, SCV x3  
  194  13:44  Barracks  
  194  13:47  Barracks  
  194  13:55  Terran Infantry Weapons Level 3  
  194  13:56  Terran Ship Weapons Level 1  
  194  14:00  Supply Depot  
  194  14:01  Supply Depot, Marine x3  
  194  14:02  Supply Depot  
  197  14:05  Starport Reactor  
  197  14:06  Starport Tech Lab  
  197  14:11  Fusion Core  
  197  14:21  Marine x2  
  197  14:22  SCV  
  197  14:24  Liberator x2  
  200  14:26  Marauder, Marine x2, SCV x2  
  200  14:31  Marauder  
  186  14:50  Supply Depot  
  186  15:08  Liberator x2  
  186  15:09  Command Center  
  186  15:11  Command Center  
  159  15:17  Marine x3  
  159  15:18  Marine x3  
  159  15:19  Marauder x3  
  159  15:21  Barracks Reactor x2  
  177  15:29  Advanced Ballistics  
  177  15:39  Medivac x2  
  177  15:40  Marauder  
  177  15:41  Medivac  
  185  15:58  Marine x4  
  185  15:59  Marine x3  
  185  16:00  Marine x2  
  185  16:01  Marine x2  
  196  16:24  Planetary Fortress  
  196  16:41  Missile Turret  
  196  16:53  Starport  
  196  16:54  Starport  
  196  16:55  Starport  
  166  17:18  Medivac  
  166  17:19  Medivac  
  170  17:26  Missile Turret  
  170  17:27  Marine x5  
  170  17:28  Marine x7  
  170  17:29  Marine  
  183  17:36  Viking x2  
  187  17:45  Marine x6  
  187  17:46  Marine x4  
  197  17:51  Refinery  
  197  17:53  Refinery  
  197  18:11  Medivac x2  
  102  18:50  Marine x3  
  102  18:51  Marine x7  
  102  18:52  Marine x3  
  89  18:58  Medivac x2  
  87  19:08  Marine x5  
  87  19:09  Marine  
  85  19:20  Marine x4  
  85  19:21  Marine  
Show
View Real Time Build Order
Export as new Build Order

COMROKFLT Protoss - Winner!

Build Orders: Oracle Opening 

Get SALT Encoding   

  12  0:09  Pylon  
  12  0:18  Probe (Chrono Boost)  
  13  0:28  Gateway  
  13  0:33  Probe (Chrono Boost)  
  14  0:40  Assimilator  
  14  0:49  Probe (Chrono Boost)  
  15  0:53  Assimilator  
  15  1:00  Probe (Chrono Boost)  
  16  1:10  Probe (Chrono Boost)  
  17  1:19  Cybernetics Core  
  17  1:23  Pylon  
  17  1:26  Probe (Chrono Boost)  
  18  1:36  Probe (Chrono Boost)  
  19  1:42  Gateway  
  20  1:47  Probe (Chrono Boost)  
  20  1:59  Stargate  
  20  2:03  Probe (Chrono Boost)  
  21  2:11  Adept (Chrono Boost)  
  21  2:15  Probe  
  24  2:21  Warp Gate  
  25  2:30  Mothership Core  
  25  2:35  Pylon  
  26  2:43  Adept (Chrono Boost)  
  28  2:56  Probe  
  29  3:07  Oracle (Chrono Boost)  
  32  3:23  Gateway  
  32  3:37  Pylon  
  32  3:44  Probe  
  33  3:49  Pylon  
  36  3:55  Oracle (Chrono Boost)  
  36  4:43  Nexus  
  36  4:46  Adept  
  36  4:47  Adept x2  
  42  4:53  Pylon  
  42  5:06  Robotics Facility  
  42  5:35  Probe, Pylon  
  43  5:38  Pylon  
  43  5:42  Stargate  
  43  5:44  Adept  
  43  5:45  Adept x2  
  43  5:49  Phoenix (Chrono Boost)  
  51  5:52  Pylon  
  51  5:54  Probe  
  52  6:05  Probe  
  52  6:07  Observer  
  54  6:15  Forge  
  54  6:16  Phoenix (Chrono Boost)  
  56  6:19  Probe  
  57  6:29  Probe  
  58  6:37  Probe  
  59  6:40  Probe  
  60  6:48  Photon Cannon  
  60  6:50  Probe  
  60  6:52  Photon Cannon  
  61  6:57  Probe  
  61  6:59  Photon Cannon  
  61  7:01  Probe  
  62  7:03  Phoenix (Chrono Boost)  
  65  7:11  Probe  
  66  7:17  Assimilator  
  66  7:21  Photon Cannon, Assimilator  
  66  7:22  Probe  
  67  7:31  Adept x2  
  71  7:38  Warp Prism  
  71  7:40  Probe x2  
  75  7:50  Probe  
  75  7:52  Probe  
  77  8:01  Probe  
  73  8:19  Pylon  
  73  8:24  Stalker  
  74  8:43  Probe  
  74  8:46  Probe  
  76  8:52  Adept  
  76  8:53  Probe, Adept x2  
  83  8:58  Probe, Nexus  
  84  9:06  Twilight Council  
  84  9:07  Pylon  
  84  9:09  Pylon  
  84  9:12  Pylon  
  84  9:23  Adept  
  86  9:30  Pylon  
  86  9:33  Probe, Pylon  
  87  9:41  Phoenix (Chrono Boost)  
  87  9:43  Adept  
  87  9:44  Probe  
  92  9:54  Probe  
  93  10:02  Phoenix (Chrono Boost)  
  93  10:05  Probe  
  95  10:07  Templar Archives  
  95  10:11  Adept  
  95  10:12  Adept  
  99  10:15  Probe  
  100  10:24  Phoenix (Chrono Boost)  
  102  10:43  Psionic Storm  
  96  10:50  Probe, Phoenix (Chrono Boost)  
  99  10:57  High Templar  
  99  10:58  High Templar x2  
  99  11:00  Probe  
  99  11:04  Gateway  
  106  11:05  Gateway  
  106  11:07  Gateway  
  106  11:11  Probe  
  105  11:21  Phoenix  
  107  11:28  Probe  
  107  11:31  Probe  
  108  11:36  Assimilator  
  108  11:38  Probe  
  108  11:39  Gateway  
  109  11:40  Assimilator  
  109  11:42  Probe  
  109  11:44  Gateway  
  109  11:46  Phoenix  
  113  11:49  Probe, High Templar x3  
  113  11:52  Probe  
  121  11:55  Resonating Glaives  
  121  11:58  Pylon  
  121  12:01  Pylon  
  121  12:03  Probe  
  121  12:05  Probe  
  123  12:09  Probe  
  123  12:13  Probe  
  123  12:14  Adept  
  127  12:16  Probe  
  127  12:21  Probe  
  129  12:23  Adept x2  
  129  12:25  Adept  
  135  12:33  Probe  
  135  12:35  Probe  
  137  12:41  High Templar x2  
  137  12:42  Adept  
  143  12:45  Probe x2  
  143  12:53  Adept x4  
  143  12:57  Phoenix  
  153  13:04  Adept x2  
  153  13:05  Probe  
  152  13:22  Phoenix, Fleet Beacon  
  152  13:24  Nexus  
  154  13:31  Adept  
  156  13:38  Observer  
  157  13:41  Pylon  
  157  13:46  Pylon  
  157  13:48  Pylon  
  157  13:55  Stargate  
  157  14:01  Adept x4  
  165  14:21  Pylon  
  151  14:37  Adept x6  
  151  14:38  Adept  
  160  14:49  Adept  
  160  14:50  Probe  
  163  14:55  Tempest x2  
  171  15:03  Stargate  
  158  15:15  Adept x6  
  170  15:30  Nexus  
  170  15:38  Tempest  
  170  15:39  Pylon  
  170  15:41  Tempest, Pylon  
  178  15:44  Protoss Ground Weapons Level 1, Pylon  
  178  15:51  Pylon  
  178  15:57  Tempest  
  178  15:59  Forge  
  182  16:05  Phoenix  
  184  16:30  Tempest x2  
  192  16:45  Tempest  
  192  16:47  Pylon  
  164  17:17  Adept x4  
  164  17:18  Adept x3  
  178  17:23  Probe  
  178  17:27  Probe  
  180  17:32  Probe  
  180  17:34  Probe  
  182  17:38  Probe, Adept x3  
  182  17:39  Adept x2  
  193  17:44  Probe  
  194  17:55  Probe  
  191  18:06  Probe  
  191  18:12  Adept x2  
  192  18:13  Adept x3  
  172  18:52  Stalker x5  
  172  18:53  Stalker x2  
  172  19:01  Stalker  
  160  19:28  Adept x3  
  160  19:29  Adept x3  
  160  19:30  Adept x2  
Tags
 
Add a new tag
Caveats
  • Supply blocks, unpowered buildings, or Contaminate may cause inaccurate times.
  • Supply counts are checked every 10 seconds.